| TOP OF THE 1ST |
|
Bakersfield Bears batting - Pitching for Reno Silver Sox : RHP Rodger Cole
|
|
Pitching: RHP Rodger Cole
|
|
|
Batting: LHB Kevin Waller
|
0-0: Ball 1-0: Foul Ball, location: 2F 1-1: Ball 2-1: Called Strike 2-2: Foul Ball, location: 2F 2-2: Ground out 4-3 (Groundball, 4, EV 105.6 MPH)
|
|
Batting: LHB Gregory DeLaune
|
0-0: Ball 1-0: Foul Ball, location: 2F 1-1: Ball 2-1: Bunt missed! 2-2: Foul Ball, location: 2F 2-2: Fly out, F7 (Flyball, 7LM, EV 96.9 MPH)
|
|
Batting: LHB Jim Eppard
|
0-0: Reached on error, E5 (Groundball, 5, EV 85.0 MPH)
|
|
Batting: RHB Randy Kutcher
|
0-0: SINGLE (Groundball, 56D, EV 103.1 MPH) Jim Eppard to second
|
|
Batting: LHB Danny Hernandez
|
0-0: Ball 1-0: Called Strike 1-1: Foul Ball, location: 2F 1-2: Ball 2-2: Ball 3-2: Base on Balls Jim Eppard to third Randy Kutcher to second
|
|
Batting: RHB Antonio Alicea
|
0-0: Foul Ball, location: 2F 0-1: Ball 1-1: Foul Ball, location: 2F 1-2: Ball 2-2: Reached on error, E6 (Groundball, 6, EV 92.5 MPH) Jim Eppard scores Randy Kutcher to third Danny Hernandez to second
|
|
Batting: RHB Trey Brooks
|
0-0: Fielders Choice at 2nd, 6-4 (Groundball, 6, EV 90.6 MPH)
|
| Top of the 1st over - 1 run, 1 hit, 2 errors, 3 left on base; Bakersfield 1 - Reno 0 |
| BOTTOM OF THE 1ST |
|
Reno Silver Sox batting - Pitching for Bakersfield Bears : RHP Glenn Fisher
|
|
Pitching: RHP Glenn Fisher
|
|
|
Batting: RHB Lemmie Miller
|
0-0: Called Strike 0-1: Swinging Strike 0-2: Ball 1-2: Fly out, F9 (Line Drive, 9, EV 83.8 MPH)
|
|
Batting: RHB Rod Hobbs
|
0-0: Ball 1-0: Ground out 6-3 (Groundball, 6, EV 85.6 MPH)
|
|
Batting: LHB Victor Diaz
|
0-0: SINGLE (Line Drive, 6MD, EV 96.3 MPH)
|
|
Batting: LHB Mike Hocutt
|
0-0: Ball 1-0: Called Strike 1-1: Foul Ball, location: 2F 1-2: Strikes out looking
|
| Bottom of the 1st over - 0 runs, 1 hit, 0 errors, 1 left on base; Bakersfield 1 - Reno 0 |
| TOP OF THE 2ND |
|
Bakersfield Bears batting - Pitching for Reno Silver Sox : RHP Rodger Cole
|
|
Batting: RHB Steven Houlberg
|
0-0: SINGLE (Line Drive, 4D, EV 98.8 MPH)
|
|
Batting: RHB Jack Lopez
|
0-0: Called Strike 0-1: Ball 1-1: Swinging Strike 1-2: Strikes out looking
|
|
Batting: LHB Kevin Waller
|
0-0: Ball 1-0: Foul Ball, location: 2F 1-1: Ball 2-1: Ball Passed Ball! Steven Houlberg to second 3-1: Called Strike 3-2: Ground out 5-3 (Groundball, 56, EV 105.0 MPH)
|
|
Batting: LHB Gregory DeLaune
|
0-0: Foul Ball, location: 2F 0-1: Called Strike 0-2: Ball 1-2: Ground out U3 (Groundball, 34S, EV 81.3 MPH)
|
| Top of the 2nd over - 0 runs, 1 hit, 0 errors, 1 left on base; Bakersfield 1 - Reno 0 |
| BOTTOM OF THE 2ND |
|
Reno Silver Sox batting - Pitching for Bakersfield Bears : RHP Glenn Fisher
|
|
Pitching: LHP Richard Cope
|
|
|
Batting: RHB Luis Cabanas
|
0-0: Ball 1-0: Foul Ball, location: 2F 1-1: DOUBLE (Groundball, 5L, EV 110.0 MPH)
|
|
Batting: RHB Bill Crone
|
0-0: Foul Ball, location: 2F 0-1: Ball 1-1: Ground out 4-3 (Groundball, 4D, EV 106.9 MPH) Luis Cabanas to third
|
|
Batting: LHB Gregory Shirley
|
0-0: Called Strike 0-1: Ball 1-1: Ball 2-1: Called Strike 2-2: Fly out, F8 (Flyball, 8LXD, EV 94.4 MPH) Runner from 3rd tags up, SCORES, no throw by CF
|
|
Batting: LHB Andrew Timko
|
0-0: Called Strike 0-1: Ball 1-1: Ball 2-1: Ball 3-1: Foul Ball, location: 2F 3-2: Ground out 4-3 (Groundball, 4, EV 84.4 MPH)
|
| Bottom of the 2nd over - 1 run, 1 hit, 0 errors, 0 left on base; Bakersfield 1 - Reno 1 |
| TOP OF THE 3RD |
|
Bakersfield Bears batting - Pitching for Reno Silver Sox : RHP Rodger Cole
|
|
Batting: LHB Jim Eppard
|
0-0: Ball 1-0: Ball 2-0: Ball 3-0: Base on Balls
|
|
Batting: RHB Randy Kutcher
|
0-0: Called Strike Jim Eppard steals 2nd base 0-1: Swinging Strike 0-2: Ball 1-2: Foul Ball, location: 2F 1-2: Fly out, F7 (Flyball, 78D, EV 96.3 MPH) Runner from 2nd tags up, SAFE at 3rd with throw by LF
|
|
Batting: LHB Danny Hernandez
|
0-0: Ball 1-0: Ball 2-0: Ball 3-0: Called Strike 3-1: Ground out 6-3 (Groundball, 6, EV 103.8 MPH) Jim Eppard scores
|
|
Batting: RHB Antonio Alicea
|
0-0: Called Strike 0-1: Called Strike 0-2: Ball 1-2: Fly out, F9 (Flyball, 89S, EV 93.8 MPH)
|
| Top of the 3rd over - 1 run, 0 hits, 0 errors, 0 left on base; Bakersfield 2 - Reno 1 |
| BOTTOM OF THE 3RD |
|
Reno Silver Sox batting - Pitching for Bakersfield Bears : LHP Richard Cope
|
|
Batting: SHB Grayling Tobias
|
0-0: Ball 1-0: Ball 2-0: Ball 3-0: Called Strike 3-1: Fly out, F9 (Flyball, 89M, EV 84.4 MPH)
|
|
Batting: RHB Lemmie Miller
|
0-0: Foul Ball, location: 2F 0-1: Foul Ball, location: 2F 0-2: Foul Ball, location: 2F 0-2: Foul Ball, location: 2F 0-2: Ball 1-2: Foul Ball, location: 2F 1-2: Foul Ball, location: 2F 1-2: Ball 2-2: Ball 3-2: Foul Ball, location: 2F 3-2: Ground out U3 (Groundball, 34, EV 98.8 MPH)
|
|
Batting: RHB Rod Hobbs
|
0-0: Ground out 4-3 (Groundball, 4, EV 78.1 MPH)
|
| Bottom of the 3rd over - 0 runs, 0 hits, 0 errors, 0 left on base; Bakersfield 2 - Reno 1 |
| TOP OF THE 4TH |
|
Bakersfield Bears batting - Pitching for Reno Silver Sox : RHP Rodger Cole
|
|
Batting: RHB Trey Brooks
|
0-0: Foul Ball, location: 2F 0-1: Fly out, F8 (Flyball, 8RD, EV 101.3 MPH)
|
|
Batting: RHB Steven Houlberg
|
0-0: Foul Ball, location: 2F 0-1: Foul Ball, location: 2F 0-2: Ball 1-2: Foul Ball, location: 2F 1-2: Ball 2-2: Foul Ball, location: 2F 2-2: Ground out 6-3 (Groundball, 6, EV 102.5 MPH)
|
|
Batting: RHB Jack Lopez
|
0-0: Called Strike 0-1: Swinging Strike 0-2: Ground out 6-3 (Groundball, 6, EV 104.4 MPH)
|
| Top of the 4th over - 0 runs, 0 hits, 0 errors, 0 left on base; Bakersfield 2 - Reno 1 |
| BOTTOM OF THE 4TH |
|
Reno Silver Sox batting - Pitching for Bakersfield Bears : LHP Richard Cope
|
|
Batting: LHB Victor Diaz
|
0-0: Ball 1-0: Swinging Strike 1-1: Foul Ball, location: 2F 1-2: Strikes out swinging
|
|
Batting: LHB Mike Hocutt
|
0-0: Ball 1-0: Foul Ball, location: 2F 1-1: Called Strike 1-2: Strikes out swinging
|
|
Batting: RHB Luis Cabanas
|
0-0: Ball 1-0: Called Strike 1-1: SINGLE (Line Drive, 89S, EV 95.0 MPH)
|
|
Batting: RHB Bill Crone
|
0-0: Fielders Choice at 2nd, 6-4 (Groundball, 6, EV 104.4 MPH)
|
| Bottom of the 4th over - 0 runs, 1 hit, 0 errors, 1 left on base; Bakersfield 2 - Reno 1 |
| TOP OF THE 5TH |
|
Bakersfield Bears batting - Pitching for Reno Silver Sox : RHP Rodger Cole
|
|
Batting: LHB Kevin Waller
|
0-0: Called Strike 0-1: Ball 1-1: Ball 2-1: Ball 3-1: Called Strike 3-2: Fly out, F8 (Flyball, 8RM, EV 87.5 MPH)
|
|
Batting: LHB Gregory DeLaune
|
0-0: Ball 1-0: Called Strike 1-1: Foul Ball, location: 2F 1-2: Fly out, F5 (Popup, 15S, EV 83.1 MPH)
|
|
Batting: LHB Jim Eppard
|
0-0: Called Strike 0-1: Ball 1-1: Ball 2-1: Foul Ball, location: 2F 2-2: Fly out, F7 (Line Drive, 7D, EV 95.6 MPH)
|
| Top of the 5th over - 0 runs, 0 hits, 0 errors, 0 left on base; Bakersfield 2 - Reno 1 |
| BOTTOM OF THE 5TH |
|
Reno Silver Sox batting - Pitching for Bakersfield Bears : LHP Richard Cope
|
|
Batting: LHB Gregory Shirley
|
0-0: Called Strike 0-1: Ball 1-1: Ground out U3 (Groundball, 3, EV 101.3 MPH)
|
|
Batting: LHB Andrew Timko
|
0-0: Called Strike 0-1: Ball 1-1: Ball 2-1: SINGLE (Groundball, 4D, EV 99.4 MPH)
|
|
Batting: SHB Grayling Tobias
|
0-0: Ball 1-0: Ball 2-0: Swinging Strike 2-1: Ball 3-1: Base on Balls Andrew Timko to second
|
|
Batting: RHB Lemmie Miller
|
0-0: Ball 1-0: Called Strike 1-1: Ball 2-1: Ball 3-1: Foul Ball, location: 2F 3-2: Base on Balls Andrew Timko to third Grayling Tobias to second
|
|
Batting: RHB Rod Hobbs
|
0-0: Foul Ball, location: 2F 0-1: Ball 1-1: Ball 2-1: Grounds into fielders choice 6-2 (Groundball, 6, EV 80.6 MPH) Grayling Tobias to third Lemmie Miller to second
|
|
Batting: LHB Victor Diaz
|
0-0: Called Strike 0-1: Swinging Strike 0-2: Ground out 4-3 (Groundball, 4M, EV 86.9 MPH)
|
| Bottom of the 5th over - 0 runs, 1 hit, 0 errors, 3 left on base; Bakersfield 2 - Reno 1 |
| TOP OF THE 6TH |
|
Bakersfield Bears batting - Pitching for Reno Silver Sox : RHP Rodger Cole
|
|
Batting: RHB Randy Kutcher
|
0-0: Called Strike 0-1: Ball 1-1: Ball 2-1: Swinging Strike 2-2: Fly out, F8 (Flyball, 8LD, EV 96.9 MPH)
|
|
Batting: LHB Danny Hernandez
|
0-0: Called Strike 0-1: Ball 1-1: Foul Ball, location: 2F 1-2: Foul Ball, location: 2F 1-2: Ball 2-2: Strikes out swinging
|
|
Batting: RHB Antonio Alicea
|
0-0: Called Strike 0-1: Foul Ball, location: 2F 0-2: Ball 1-2: Foul Ball, location: 2F 1-2: Foul Ball, location: 2F 1-2: Foul Ball, location: 2F 1-2: Foul Ball, location: 2F 1-2: Foul Ball, location: 2F 1-2: Ball 2-2: Ball 3-2: Ground out 6-3 (Groundball, 6S, EV 88.8 MPH)
|
| Top of the 6th over - 0 runs, 0 hits, 0 errors, 0 left on base; Bakersfield 2 - Reno 1 |
| BOTTOM OF THE 6TH |
|
Reno Silver Sox batting - Pitching for Bakersfield Bears : LHP Richard Cope
|
|
Batting: LHB Mike Hocutt
|
0-0: Called Strike 0-1: Foul Ball, location: 2F 0-2: Fly out, F7 (Flyball, 78M, EV 86.3 MPH)
|
|
Batting: RHB Luis Cabanas
|
0-0: Ball 1-0: Ball 2-0: Fly out, F7 (Line Drive, 7D, EV 104.4 MPH)
|
|
Pitching: RHP Melville Lowman
|
|
|
Batting: RHB Bill Crone
|
0-0: Foul Ball, location: 2F 0-1: Ball 1-1: Called Strike 1-2: Ball 2-2: Foul Ball, location: 2F 2-2: Ball 3-2: Foul Ball, location: 2F 3-2: Foul Ball, location: 2F 3-2: Foul Ball, location: 2F 3-2: DOUBLE (Flyball, 89D, EV 97.5 MPH)
|
|
Batting: LHB Gregory Shirley
|
0-0: Called Strike 0-1: Ball 1-1: Swinging Strike 1-2: Strikes out swinging
|
| Bottom of the 6th over - 0 runs, 1 hit, 0 errors, 1 left on base; Bakersfield 2 - Reno 1 |
| TOP OF THE 7TH |
|
Bakersfield Bears batting - Pitching for Reno Silver Sox : RHP Rodger Cole
|
|
Batting: RHB Trey Brooks
|
0-0: Swinging Strike 0-1: Ball 1-1: Ball 2-1: Ball 3-1: Swinging Strike 3-2: SINGLE (Flyball, 8RS, EV 91.3 MPH)
|
|
Batting: RHB Steven Houlberg
|
0-0: Ball 1-0: Ball 2-0: Ball 3-0: Base on Balls Trey Brooks to second
|
|
Batting: RHB Jack Lopez
|
0-0: Ball 1-0: SINGLE (Line Drive, 6MD, EV 105.0 MPH) Trey Brooks to third Steven Houlberg to second
|
|
Batting: LHB Kevin Waller
|
0-0: Ball 1-0: Foul Ball, location: 2F 1-1: Ball 2-1: Swinging Strike 2-2: Grounds into fielders choice 4-2 (Groundball, 4, EV 88.8 MPH) Steven Houlberg to third Jack Lopez to second
|
|
Batting: LHB Gregory DeLaune
|
0-0: Grounds into fielders choice 4-2 (Groundball, 4, EV 82.5 MPH) Jack Lopez to third Kevin Waller to second
|
|
Batting: LHB Jim Eppard
|
0-0: Called Strike 0-1: Ball 1-1: Ball 2-1: Fielders Choice at 2nd, U6 (Groundball, 6M, EV 90.6 MPH)
|
| Top of the 7th over - 0 runs, 2 hits, 0 errors, 3 left on base; Bakersfield 2 - Reno 1 |
| BOTTOM OF THE 7TH |
|
Reno Silver Sox batting - Pitching for Bakersfield Bears : RHP Melville Lowman
|
|
Batting: LHB Andrew Timko
|
0-0: Ground out 6-3 (Groundball, 6, EV 81.3 MPH)
|
|
Batting: SHB Grayling Tobias
|
0-0: Ball 1-0: Foul Ball, location: 2F 1-1: Ball 2-1: Called Strike 2-2: Ball 3-2: Strikes out swinging
|
|
Batting: RHB Lemmie Miller
|
0-0: Ball 1-0: Ball 2-0: Ball 3-0: Swinging Strike 3-1: Swinging Strike 3-2: Base on Balls
|
|
Batting: RHB Rod Hobbs
|
0-0: Foul Ball, location: 2F 0-1: Called Strike 0-2: DOUBLE (Line Drive, 78D, EV 113.1 MPH) Lemmie Miller to third Runner from 3rd tries for Home, SAFE, throw by LF to home
|
|
Batting: LHB Victor Diaz
|
0-0: Ball 1-0: Ball 2-0: Swinging Strike 2-1: Ball 3-1: Base on Balls
|
|
Batting: LHB Mike Hocutt
|
0-0: Ball 1-0: Called Strike 1-1: SINGLE (Line Drive, 78M, EV 94.4 MPH) Rod Hobbs to third Victor Diaz to second Runner from 3rd tries for Home, SAFE, throw by CF to home
|
|
Batting: RHB Luis Cabanas
|
0-0: Ball 1-0: Foul Ball, location: 2F 1-1: Ball 2-1: Ground out 6-3 (Groundball, 56, EV 96.3 MPH)
|
| Bottom of the 7th over - 2 runs, 2 hits, 0 errors, 2 left on base; Bakersfield 2 - Reno 3 |
| TOP OF THE 8TH |
|
Bakersfield Bears batting - Pitching for Reno Silver Sox : RHP Rodger Cole
|
|
Batting: RHB Randy Kutcher
|
0-0: Ball 1-0: Ball 2-0: Ball 3-0: Called Strike 3-1: Called Strike 3-2: SINGLE (Groundball, 56D, EV 98.8 MPH)
|
|
Batting: LHB Danny Hernandez
|
0-0: Ball 1-0: Foul Ball, location: 2F 1-1: Foul Ball, location: 2F 1-2: Ball 2-2: Fly out, F7 (Flyball, 78S, EV 87.5 MPH)
|
|
Batting: RHB Antonio Alicea
|
0-0: Foul Ball, location: 2F 0-1: Called Strike 0-2: Fly out, F8 (Line Drive, 8RD, EV 95.6 MPH)
|
|
Batting: RHB Trey Brooks
|
0-0: Ball 1-0: Ball 2-0: Foul Ball, location: 2F 2-1: Fielders Choice at 2nd, 6-4 (Groundball, 6, EV 91.9 MPH)
|
| Top of the 8th over - 0 runs, 1 hit, 0 errors, 1 left on base; Bakersfield 2 - Reno 3 |
| BOTTOM OF THE 8TH |
|
Reno Silver Sox batting - Pitching for Bakersfield Bears : RHP Melville Lowman
|
|
Batting: RHB Bill Crone
|
0-0: Called Strike 0-1: TRIPLE (Flyball, 89XD, EV 103.8 MPH)
|
|
Batting: LHB Gregory Shirley
|
0-0: Ball 1-0: Foul Ball, location: 2F 1-1: Foul Ball, location: 2F 1-2: Strikes out swinging
|
|
Batting: LHB Andrew Timko
|
0-0: Called Strike 0-1: Swinging Strike 0-2: Ball 1-2: Fly out, F8 (Flyball, 8LD, EV 82.5 MPH) Runner from 3rd tags up, SCORES, throw by CF
|
|
Pitching: RHP Heriberto Ovalle
|
|
|
Batting: SHB Grayling Tobias
|
0-0: Foul Ball, location: 2F 0-1: SINGLE (Line Drive, 7S, EV 91.3 MPH)
|
|
Batting: RHB Lemmie Miller
|
0-0: Called Strike 0-1: Fielders Choice at 2nd, 6-4 (Groundball, 6, EV 101.3 MPH)
|
| Bottom of the 8th over - 1 run, 2 hits, 0 errors, 1 left on base; Bakersfield 2 - Reno 4 |
| TOP OF THE 9TH |
|
Bakersfield Bears batting - Pitching for Reno Silver Sox : RHP Rodger Cole
|
|
Pitching: RHP Steve Eddy
|
|
|
Batting: RHB Steven Houlberg
|
0-0: Ball 1-0: Swinging Strike 1-1: Ball 2-1: Ball 3-1: Base on Balls
|
|
Batting: RHB Jack Lopez
|
0-0: Called Strike 0-1: Foul Ball, location: 2F 0-2: Strikes out swinging
|
|
Batting: LHB Kevin Waller
|
0-0: Ball 1-0: Ball 2-0: Fly out, F8 (Flyball, 8RD, EV 88.8 MPH)
|
|
Batting: LHB Gregory DeLaune
|
0-0: Ball 1-0: Ball 2-0: Ball 3-0: Called Strike 3-1: Base on Balls Steven Houlberg to second
|
|
Batting: LHB Jim Eppard
|
0-0: Ball 1-0: Called Strike 1-1: Foul Ball, location: 2F 1-2: Fly out, F7 (Line Drive, 7, EV 94.4 MPH)
|
| Top of the 9th over - 0 runs, 0 hits, 0 errors, 2 left on base; Bakersfield 2 - Reno 4 |
|